cohdb
Replays
Latest Replays
All Replays
Popular Replays
Top Player Replays
Match Explorer
How It Works
Community
CoH3 Stats
Reddit
Sign in to upload your games and track your stats! →
Sign in with Steam
Match 38748956
Unlisted
Match 38748956
Overview
Messages
Build Orders
End
Selects Italian Infantry
Panzergrenadier Squad
250 Light Carrier
Panzergrenadier Squad
Construct Light Support Kompanie
Assault Grenadier Squad
Combat Half-tracks
MG34 Team
Fire Support Elements
Pak 38 Anti-tank Gun Team
Selects Guastatori Squad
Guastatori Squad
Veteran Squad Leaders
Construct Panzerarmee Kommand
Panzer III L Medium Tank
Panzergrenadier Squad
Panzer III L Medium Tank
Selects Defensive Operations
Selects Prepared Positions
Emergency Repair Kits
Armored Reserves
Selects Obice 305mm Barrage
Selects L6/40 Light Tank Combat Group
Obice 305mm Barrage
Construct Light Support Kompanie
Selects Towed Cannone da 105/28 Field Howitzer
Tiger Heavy Tank
Rapid Advance
Obice 305mm Barrage
Panzergrenadier Squad
Panzer IV Assault Group
incel_incinerat0r
Tenshi
实力不足只能当老六了
CatUnderHelmet
0
0
Comments
sign in to comment!
No comments posted yet!